 Dungeon Crawl Stone Soup version 0.18.1-47-g9310371 (webtiles) character file.

112 rftp080 the Cudgeler (level 4, -16/48 HPs)
             Began as an Ogre Assassin on June 20, 2016.
             Was an Initiate of Makhleb.
             Demolished by an ogre
             ... wielding a +0 giant club
              (20 damage)
             ... on level 3 of the Dungeon.
             The game lasted 00:04:49 (2570 turns).

rftp080 the Cudgeler (Ogre Assassin)                Turns: 2570, Time: 00:04:50

Health: -16/48     AC:  4    Str: 17    XL:     4   Next: 93%
Magic:  4/4        EV:  9    Int: 10    God:    Makhleb [......]
Gold:   79         SH:  0    Dex: 11    Spells: 0 memorised, 3 levels left

rFire  . . .     SeeInvis .     q - +0 flail
rCold  . . .     Gourm    .     c - +0 robe
rNeg   . . .     Faith    .     (no shield)
rPois  .         Spirit   .     (helmet restricted)
rElec  .         Dismiss  .     d - +0 cloak
rCorr  .         Reflect  .     (gloves unavailable)
SustAt .         Harm     .     (boots unavailable)
MR     .....                    (no amulet)
Stlth  ++........               (no ring)
                                (no ring)

@: not resistant to hostile enchantments, unstealthy
A: unfitting armour, tough skin 1
a: Renounce Religion


You were on level 3 of the Dungeon.
You worshipped Makhleb.
Makhleb was noncommittal.
You were not hungry.

You visited 1 branch of the dungeon, and saw 3 of its levels.

You collected 79 gold pieces.

Inventory:

Hand Weapons
 a - a +2 dagger
 b - a +0 blowgun
 k - a +0 club
 p - a cursed -1 hunting sling
 q - a +0 flail (weapon)
Missiles
 e - 4 poisoned needles
 f - 2 curare-tipped needles
 i - 47 stones (quivered)
Armour
 c - a +0 robe (worn)
 d - a +0 cloak (worn)
Jewellery
 v - a cursed amulet of inaccuracy {unknown}
Wands
 u - a wand of polymorph (10/24)
Scrolls
 o - 3 scrolls of enchant weapon {unknown}
 r - 2 scrolls of remove curse {unknown}
 s - a scroll of identify {unknown}
Potions
 j - a potion of cancellation {unknown}
 l - a potion of curing
 t - a potion of might {unknown}
Comestibles
 g - 2 bread rations
 n - 2 fruits


   Skills:
 - Level 4.0 Fighting
 - Level 1.2 Short Blades
 + Level 4.9 Maces & Flails
 - Level 2.0 Throwing
 - Level 0.8 Dodging
 - Level 3.2 Stealth


You had 3 spell levels left.
You didn't know any spells.

Dungeon Overview and Level Annotations

Branches:
Dungeon (3/15)

Altars:
Kikubaaqudgha
Makhleb
Ru
Trog

Annotations:
D:3 Grinder


Innate Abilities, Weirdness & Mutations

You are too large for most types of armour.
You have tough skin (AC +1).


Message History

The ogre hits you with a giant club!
* * * LOW HITPOINT WARNING * * *
A goblin and Grinder come into view.
Read which item? (? for menu, Esc to quit)
Okay, then.
Wield which item (- for none, * to show all)? (? for menu, Esc to quit)
q - a +0 flail (weapon)
The goblin shouts!
You barely miss the ogre.
The ogre is heavily wounded.
The ogre looks more healthy.
The ogre barely misses you.
Grinder blinks!
You barely miss the ogre.
The ogre is heavily wounded.
The ogre closely misses you.
Read which item? (? for menu, Esc to quit)
As you read the scroll labeled HEOCHOEFIN, it crumbles to dust.
It is a scroll of amnesia.
You feel forgetful for a moment. The goblin hits you but does no damage.
The ogre hits you with a giant club!!
You die...

###<# #.#
#.# #.#
#.# #.#
#.# #O#
#@#
#.g....5.
###.....#
......
....#
#####


You could see Grinder, an ogre and a goblin.

Vanquished Creatures
  5 adders (D:2)
  3 worms (D:2)
  3 dart slugs (D:1)
  A giant gecko (D:1)
  5 bats
  8 goblins
  6 hobgoblins
  2 jackals (D:1)
  6 kobolds
  11 rats
50 creatures vanquished.

Notes
Turn   | Place    | Note
--------------------------------------------------------------
     0 | D:1      | rftp080 the Ogre Assassin began the quest for the Orb.
     0 | D:1      | Reached XP level 1. HP: 22/22 MP: 1/1
   387 | D:1      | Reached XP level 2. HP: 31/31 MP: 2/2
   640 | D:1      | Reached skill level 1 in Maces & Flails
   922 | D:1      | Reached XP level 3. HP: 36/39 MP: 3/3
  1680 | D:2      | Reached XP level 4. HP: 26/48 MP: 4/4
  1963 | D:2      | You fall through a shaft!
  2322 | D:2      | Found a burning altar of Makhleb.
  2323 | D:2      | Found a bloodstained altar of Trog.
  2323 | D:2      | Found an ancient bone altar of Kikubaaqudgha.
  2336 | D:2      | Found a sacrificial altar of Ru.
  2395 | D:2      | Became a worshipper of Makhleb the Destroyer
  2542 | D:3      | Noticed an ogre
  2566 | D:3      | Noticed Grinder
  2570 | D:3      | Demolished by an ogre

Skill      XL: |  1  2  3  4 |
---------------+-------------+-----
Fighting       | 3 4 |  4.0
Maces & Flails | 1 3 4 |  4.9
Short Blades   | |  1.2
Throwing       | |  2.0
Dodging        | |  0.8
Stealth        | |  3.2

Action                   |  1- 3 |  4- 6 || total
-------------------------+-------+-------++-------
Melee: Dagger            |    34 |       ||    34
       Club              |   134 |       ||   134
       Flail             |     6 |    52 ||    58
 Fire: Blowgun           |       |     4 ||     4
Throw: Stone             |       |     3 ||     3
  Use: Scroll            |       |     1 ||     1
 Stab: Sleeping          |     3 |     3 ||     6
  Eat: Chunk             |     3 |     3 ||     6
Armor: Robe              |    58 |    17 ||    75
Dodge: Dodged            |    89 |    25 ||   114
